 Dungeon Crawl Stone Soup version 0.29-a0-294-g83ea962da3 (webtiles) character file.

Game seed: 17819932456819130650

11100 Dabor the Carver (level 11, 0/71 HPs)
             Began as a Tengu Berserker on Mar 18, 2022.
             Was a High Priest of Trog.
             Slain by a tentacled starspawn (23 damage)
             ... on level 4 of the Abyss.
             The game lasted 00:22:29 (9966 turns).

Dabor the Carver (Tengu Berserker)                  Turns: 9966, Time: 00:22:30

Health: 0/71       AC: 22    Str: 19    XL:     11   Next: 72%
Magic:  21/21      EV:  9    Int:  8    God:    Trog [*****.]
Gold:   507        SH:  8    Dex: 12    Spells: 10/10 levels left

rFire   . . .      SeeInvis +   F - +1 scimitar (flame)
rCold   . . .      Faith    .   G - +0 kite shield
rNeg    . . .      Spirit   .   U - +5 plate armour of Dowdy Music {rF- Slay+2 SInv}
rPois   .          Reflect  .   k - +2 hat
rElec   .          Harm     .   e - +0 cloak
rCorr   .          Rampage  .   (no gloves)
Will    .....                   (boots unavailable)
Stlth   ..........              l - amulet of regeneration
HPRegen 1.01/turn               b - ring "Qoix" {rF+ MP+9 Slay+2 Stlth+}
MPRegen 0.17/turn               (no ring)

@: about to teleport, flying quickly and evasively, unable to read, quick
A: beak, talons 3, nimble flight, [clumsy 2], [inability to read while
threatened]
a: Renounce Religion, Berserk, Trog's Hand, Brothers in Arms


You were on level 4 of the Abyss.
You worshipped Trog.
Trog was extremely pleased with you.
You visited 1 branch of the dungeon, and saw 11 of its levels.
You visited the Abyss 1 time.
You also visited: Bailey.

You collected 705 gold pieces.
You spent 198 gold pieces at shops.

Inventory:

Hand Weapons
 F - a +1 scimitar of flaming (weapon)
 M - a +1 great sword
 Q - a +2 vorpal falchion
Missiles
 J - 2 poisoned darts (quivered)
 K - a throwing net
Armour
 c - a +0 scale mail
 e - a +0 cloak (worn)
 k - a +2 hat (worn)
 E - a scarf of harm
 G - a +0 kite shield (worn)
 P - a +0 troll leather armour
 S - the +1 leather armour "Ziodidaos" {Contam Rampage +Inv Int-4}
   (You found it on level 11 of the Dungeon)

   Int:       It affects your intelligence (-4).
   +Inv:      It lets you turn invisible.
   Contam:    It causes magical contamination when unequipped.
   Rampage:   It bestows one free step when moving towards enemies.
 U - the +5 plate armour of Dowdy Music (worn) {rF- Slay+2 SInv}
   (You found it on level 11 of the Dungeon)

   Slay:      It affects your accuracy & damage with ranged weapons and melee
   (+2).
   rF:        It makes you vulnerable to fire.
   SInv:      It lets you see invisible.
Jewellery
 b - the ring "Qoix" (left hand) {rF+ MP+9 Slay+2 Stlth+}
   (You found it on level 2 of the Dungeon)

   [ring of magical power]

   Slay:      It affects your accuracy & damage with ranged weapons and melee
   (+2).
   rF:        It protects you from fire.
   MP:        It affects your magic capacity (+9).
   Stlth:     It makes you more stealthy.
 l - an amulet of regeneration (around neck)
 q - an amulet of reflection
 s - a ring of protection from cold
 B - a ring of ice
Wands
 a - a wand of charming (7)
 m - a wand of mindburst (4)
 y - a wand of paralysis (10)
 z - a wand of acid (14)
Scrolls
 h - 3 scrolls of teleportation
 o - 3 scrolls of enchant weapon
 p - 2 scrolls of noise
 r - 5 scrolls of immolation
 u - 5 scrolls of vulnerability
 w - a scroll of torment
 C - 3 scrolls of blinking
 H - a scroll of magic mapping
 I - 2 scrolls of fear
 R - a scroll of identify
 T - a scroll of brand weapon {unknown}
Potions
 d - 4 potions of heal wounds
 f - a potion of attraction
 g - 3 potions of curing {unknown}
 i - 2 potions of brilliance {unknown}
 j - 5 potions of invisibility {unknown}
 n - 2 potions of berserk rage {unknown}
 t - 3 potions of cancellation {unknown}
 v - 2 potions of flight {unknown}
 x - 2 potions of haste {unknown}
 A - a potion of lignification {unknown}
 D - 2 potions of mutation {unknown}
 L - a potion of resistance {unknown}
 N - 2 potions of magic {unknown}
 O - a potion of might {unknown}


   Skills:
 + Level 9.0 Fighting
 + Level 10.0 Long Blades
 - Level 3.0 Throwing
 + Level 9.5 Armour
 + Level 9.7 Dodging
 - Level 4.0 Shields
 - Level 4.0 Evocations


You had 10 spell levels left.
You didn't know any spells.
Your spell library was empty.

Dungeon Overview and Level Annotations

Branches:
Dungeon (11/15)            Temple (0/1) D:4          Bailey (visited)
   Lair: D:8-11         Orc: D:9-12

Altars:
Kikubaaqudgha
Sif Muna

Shops:
D:6 *

Annotations:
D:11 Sonja


Innate Abilities, Weirdness & Mutations

You have a beak for a mouth.
You have claws for feet.
Your magical nature lets you fly swiftly and evasively.
[You are very clumsy. (Dex -4)]
[You sometimes lose the ability to read scrolls when taking damage.]


Message History

You slash the demonic crawler! You burn the demonic crawler.
Your peck misses the demonic crawler.
The demonic crawler is heavily wounded.
The demonic crawler hits you. You block the demonic crawler's attack.
The demonic crawler hits you.
You slash the demonic crawler! You burn the demonic crawler.
Your kick misses the demonic crawler.
You peck the demonic crawler, but do no damage.
The demonic crawler is severely wounded.
The demonic crawler shrieks in warning!
You block the demonic crawler's attack. The demonic crawler closely misses you.
The demonic crawler barely misses you.
You hear a shout!
You hear a hideous shriek! x2
You slice the demonic crawler!! You burn the demonic crawler.
You kill the demonic crawler!
That felt strangely unrewarding.
No target in view!
A starcursed mass comes into view.
A starcursed mass splits.
A wretched star comes into view.
As you read the scroll of teleportation, it crumbles to dust.
You feel strangely unstable.
You feel the power of the Abyss delaying your translocation!
The starcursed mass shrieks in your mind.
The wretched star glows turbulently.
The lance of force hits you.
You are knocked back by the lance of force.
You slam into the rock wall!
The wretched star glows turbulently.
The lance of force hits you!
You feel threatened and lose the ability to read scrolls!
You are knocked back by the lance of force.
You slam into the stone wall!
* * * LOW HITPOINT WARNING * * *
A tentacled starspawn comes into view.
You hit the tentacled starspawn. You burn the tentacled starspawn.
You claw the tentacled starspawn.
The tentacled starspawn is lightly damaged.
The tentacled starspawn bites you!!
You die...

### ####.. .'....
.. ..##...###.##§.
.......X@# .###
###....##...##. #
..#.#..#.#. ...#
.. . .
##.###.......#.#.
. ##
#...#......#.. .
###.##..##.. .
#≈### #
.##.....#.#. . #.
≈ ≈≈ ≈≈≈###*.. ..#
#. .. .
#######.#.†##...#.
. .


You could see a tentacled starspawn.

Vanquished Creatures
  Fannar (D:11)
  3 two-headed ogres
  A thrashing horror (Abyss:3)
  A cyclops (D:11)
  Maurice (D:8)
  A smoke demon (Abyss:2)
  A gargoyle (D:10)
  A demonic crawler (Abyss:4)
  3 trolls
  Grinder (D:4)
  A hornet (D:9)
  6 yaks
  A shadow (D:10)
  A ynoxinul (Abyss:3)
  2 wraiths
  A neqoxec (Abyss:2)
  Menkaure (D:4)
  Edmund (D:5)
  An acid dragon (D:9)
  A water moccasin (D:9)
  4 orc warriors
  A sky beast (D:6)
  2 black bears
  3 centaurs
  3 phantoms
  5 bullfrogs
  A kobold brigand (D:8)
  3 gnoll sergeants
  12 wights
  13 killer bees
  A vampire bat (D:7)
  A howler monkey (D:10)
  3 hounds (D:4)
  A gnoll shaman (D:6)
  7 orc priests
  Ijyb (D:4)
  3 iguanas
  14 orc wizards
  34 gnolls
  2 adders
  2 white imps
  An ufetubus (Abyss:2)
  3 worms
  3 dart slugs
  51 orcs
  8 endoplasms
  2 giant cockroaches
  10 goblins
  6 hobgoblins
  8 jackals
  10 kobolds
  7 quokkas
  11 ball pythons
  14 bats
  6 frilled lizards
  4 rats
290 creatures vanquished.

Vanquished Creatures (collateral kills)
  4 yaks (D:9)
  2 gnoll sergeants (D:8)
  3 gnolls (D:8)
9 creatures vanquished.

Grand Total: 299 creatures vanquished

Notes
Turn   | Place    | Note
-------+----------+-------------------------------------------
     0 | D:1      | Dabor the Tengu Berserker began the quest for the Orb.
     0 | D:1      | Reached XP level 1. HP: 14/14 MP: 2/2
   419 | D:1      | Reached XP level 2. HP: 14/19 MP: 3/3
   633 | D:1      | Found a faded altar of an unknown god.
   998 | D:1      | Reached XP level 3. HP: 22/23 MP: 4/4
  1286 | D:1      | Reached ** piety under Trog
  1550 | D:2      | Found an ancient bone altar of Kikubaaqudgha.
  1737 | D:2      | Identified the ring "Qoix" {rF+ MP+9 Slay+2 Stlth+}
  1804 | D:2      | Reached XP level 4. HP: 27/28 MP: 5/5
  1806 | D:2      | Reached skill level 4 in Long Blades
  2631 | D:3      | Gained mutation: Your magical nature lets you fly swiftly
                  | and evasively. [Tengu growth]
  2631 | D:3      | Reached XP level 5. HP: 33/33 MP: 6/6
  2890 | D:4      | Noticed Menkaure
  2893 | D:4      | Killed Menkaure
  2894 | D:4      | Reached XP level 6. HP: 38/38 MP: 7/7
  3050 | D:4      | Reached skill level 5 in Long Blades
  3259 | D:4      | Reached *** piety under Trog
  3291 | D:4      | Reached XP level 7. HP: 44/44 MP: 8/8
  3475 | D:4      | Noticed Grinder
  3485 | D:4      | Killed Grinder
  3701 | D:4      | Noticed Ijyb
  3709 | D:4      | Killed Ijyb
  3711 | D:4      | Reached skill level 5 in Fighting
  3720 | D:4      | Reached skill level 5 in Armour
  3908 | D:4      | Found a staircase to the Ecumenical Temple.
  3963 | D:4      | Noticed a yak
  3985 | D:4      | Reached skill level 5 in Dodging
  3999 | D:4      | Killed a yak
  4000 | D:4      | Reached skill level 6 in Long Blades
  4000 | D:4      | Reached XP level 8. HP: 47/49 MP: 9/9
  4508 | D:5      | Entered Level 5 of the Dungeon
  4931 | D:5      | Noticed Edmund
  4960 | D:5      | Killed Edmund
  4960 | D:5      | Reached **** piety under Trog
  5301 | D:6      | Found Zibumi's Fire Supplies.
  5324 | D:6      | Bought a +1 scimitar of flaming for 198 gold pieces
  5358 | D:6      | Reached skill level 7 in Long Blades
  5389 | D:6      | Reached XP level 9. HP: 44/55 MP: 10/10
  6129 | D:7      | Reached skill level 1 in Evocations
  6212 | D:7      | Reached ***** piety under Trog
  6792 | D:8      | Noticed Maurice
  6811 | D:8      | Killed Maurice
  6812 | D:8      | Reached skill level 8 in Long Blades
  6980 | D:8      | Noticed a two-headed ogre
  6988 | D:8      | Reached XP level 10. HP: 59/63 MP: 11/11
  7174 | D:8      | Killed a two-headed ogre
  7632 | D:9      | Reached skill level 1 in Throwing
  7632 | D:9      | Reached skill level 1 in Shields
  7725 | D:9      | Reached skill level 9 in Long Blades
  7736 | D:9      | Found a shimmering blue altar of Sif Muna.
  7809 | D:9      | Noticed a two-headed ogre
  7814 | D:9      | Killed a two-headed ogre
  7815 | D:9      | Reached XP level 11. HP: 44/68 MP: 12/12
  8012 | D:9      | HP: 1/69 [acid dragon (10)]
  8449 | D:10     | Entered Level 10 of the Dungeon
  8450 | D:10     | Found a flagged portal.
  8534 | Bailey   | Entered a bailey
  9080 | D:10     | Noticed a two-headed ogre
  9100 | D:10     | Killed a two-headed ogre
  9420 | D:11     | Identified the +1 leather armour "Ziodidaos" {Contam
                  | Rampage +Inv Int-4}
  9441 | D:11     | Noticed Fannar
  9483 | D:11     | Killed Fannar
  9526 | D:11     | Noticed a cyclops
  9551 | D:11     | Killed a cyclops
  9552 | D:11     | Reached skill level 10 in Long Blades
  9577 | D:11     | Identified the +5 plate armour of Dowdy Music {rF- Slay+2
                  | SInv}
  9604 | D:11     | Noticed Sonja
  9606 | D:11     | Cast into level 2 of the Abyss (Sonja)
  9668 | Abyss:2  | Found a corrupted altar of Lugonu.
  9668 | Abyss:2  | Noticed a wretched star
  9669 | Abyss:2  | Noticed a deep elf demonologist
  9670 | Abyss:2  | Noticed a large abomination
  9671 | Abyss:2  | Noticed a sun demon
  9692 | Abyss:2  | HP: 3/71 [wretched star/lance of force (21)]
  9836 | Abyss:2  | Noticed a starcursed mass
  9891 | Abyss:3  | Noticed a thrashing horror
  9899 | Abyss:3  | Killed a thrashing horror
  9904 | Abyss:3  | Noticed a cyan very ugly thing
  9907 | Abyss:3  | Noticed a wretched star
  9955 | Abyss:4  | Noticed a starcursed mass
  9957 | Abyss:4  | Noticed a wretched star
  9962 | Abyss:4  | Noticed a tentacled starspawn
  9966 | Abyss:4  | Slain by a tentacled starspawn

Illustrated notes

Levels and vault maps discovered:
D:1:      dpeg_arrival_rhombi, layout_basic, ebering_ecumenical_altar_rust,
          minivault_4
D:2:      minmay_skewed_foursquare, layout_rooms, basic_altar
D:3:      layout_basic, chequers_serial_rivers_micro_b, minmay_misc_feat_room
D:4:      minmay_recursive_quarters, layout_layer_cave, temple_hall,
          minmay_puff, uniq_menkaure, uniq_grinder, uniq_ijyb
D:5:      layout_loops_ring, skrybe_limestone_x, lightli_minifort, uniq_edmund
D:6:      layout_loops_cross, nicolae_shop_fire_sale [nicolae_sub_dead_trees]
D:7:      layout_basic, roderic_batcave
D:8:      layout_loops_ring, minmay_fractal_squares_5, uniq_maurice
D:9:      layout_loops_ring, nicolae_overflow_crystal_walls
D:10:     layout_roguey, enter_bailey_5
D:11:     layout_long_grid, due_lair_maze_entry_diamond, enter_trove_5,
          uniq_erica, uniq_fannar, uniq_sonja
Abyss:4:  base: D:2, serial_sigils_hangedman_shear,
          guppyfry_abyss_exit_glass_guarded, hangedman_decor_peaks_small,
          evilmike_abyss_exit_glass

Skill      XL: |  1  2  3  4  5  6  7  8  9 10 11 |
---------------+----------------------------------+-----
Long Blades    | 4 5 6 7 8 9 10 | 10.0
Armour         | 3 4 5 6 7 8 9 |  9.5
Dodging        | 3 4 5 6 7 8 9 |  9.7
Fighting       | 4 5 6 7 8 9 |  9.0
Evocations     | 3 4 |  4.0
Throwing       | 2 3 |  3.0
Shields        | 2 4 |  4.0

Action                   |  1- 3 |  4- 6 |  7- 9 | 10-12 || total
-------------------------+-------+-------+-------+-------++-------
Melee: Falchion          |   110 |    87 |   114 |     7 ||   318
       Kick              |    23 |    19 |    81 |    92 ||   215
       Peck              |    11 |    16 |    55 |    54 ||   136
       Punch             |       |       |     5 |       ||     5
       Dagger            |       |       |    44 |       ||    44
       Scimitar          |       |       |   157 |   283 ||   440
       Great sword       |       |       |       |    17 ||    17
Throw: Throwing net      |       |       |     2 |     2 ||     4
       Dart              |       |       |       |     6 ||     6
Invok: Berserk           |     1 |     3 |     9 |    15 ||    28
       Brothers in Arms  |       |       |     1 |     1 ||     2
       Trog's Hand       |       |       |       |     2 ||     2
Evoke: Wand              |       |       |     2 |       ||     2
  Use: Scroll            |     1 |       |     9 |     6 ||    16
       Potion            |       |       |       |     6 ||     6
 Stab: Sleeping          |       |       |       |     2 ||     2
       Held in net/web   |       |       |       |     1 ||     1
Armor: Scale mail        |    59 |    33 |   111 |    59 ||   262
       Animal skin       |     1 |       |       |       ||     1
       Plate armour      |       |       |       |    51 ||    51
       Troll leather arm |       |       |       |     6 ||     6
Dodge: Dodged            |    85 |    74 |   213 |   231 ||   603
Block: Other             |       |     3 |       |       ||     3
       Kite shield       |       |       |    16 |   139 ||   155

Table legend: (Time is in decaauts)
 A = Elapsed time spent in this place.
 B = Non-inter-level travel time spent in this place.
 C = Inter-level travel time spent in this place.
 D = Time resting spent in this place.
 E = Time spent auto-exploring this place.
 F = Levels seen in this place.
 G = Mean time per level.
                   A        B        C        D        E       F      G
               +--------+--------+--------+--------+--------+-----+--------+
         Total |   9739 |   9286 |    453 |    523 |   6170 |  15 |  649.3 |
       Dungeon |   9099 |   8646 |    453 |    417 |   5961 |  11 |  827.2 |
         Abyss |    356 |    356 |      0 |    106 |     70 |   3 |  118.7 |
        Bailey |    283 |    283 |      0 |      0 |    139 |   1 |  283.0 |
               +--------+--------+--------+--------+--------+-----+--------+

Top non-repeatable levels by time:
     D:4: 1520 daAuts
     D:1: 1418 daAuts
     D:2: 1007 daAuts
     D:8: 963 daAuts
     D:9: 840 daAuts
     D:6: 675 daAuts
     D:7: 674 daAuts
    D:10: 650 daAuts
     D:5: 637 daAuts
     D:3: 489 daAuts
  Bailey: 283 daAuts
 Abyss:2: 228 daAuts
    D:11: 222 daAuts
 Abyss:3: 86 daAuts
 Abyss:4: 41 daAuts
